 Dungeon Crawl Stone Soup version 0.30-a0-140-gd1020e658a (webtiles) character file.

Game seed: 13546942628027779028

233 Flugkiller the Ruffian (level 5, -4/54 HPs)
             Began as a Troll Warper on Sept 24, 2022.
             Shot with an arrow by a centaur (9 damage)
             ... on level 6 of the Dungeon.
             The game lasted 00:01:28 (1600 turns).

Flugkiller the Ruffian (Troll Warper)               Turns: 1600, Time: 00:01:29

Health: -4/54      AC:  5    Str: 21    XL:     5   Next: 75%
Magic:  5/5        EV:  9    Int:  9    God:
Gold:   150        SH:  0    Dex:  9    Spells: 6/6 levels left

rFire   . . .      SeeInvis .      - Unarmed
rCold   . . .      Faith    .    (no shield)
rNeg    + . .      Spirit   .    a - +0 robe
rPois   .          Reflect  .    (helmet restricted)
rElec   .          Harm     .    k - +0 cloak {Will+}
rCorr   .          Rampage  .    (gloves unavailable)
Will    +....                    (boots unavailable)
Stlth   +.........               (no amulet)
HPRegen 0.98/turn                l - ring of positive energy
MPRegen 0.09/turn                (no ring)

@: brilliant, lethally poisoned (-4 -> -8)
A: large, unfitting armour, claws 3, regeneration 1, shaggy fur 1, tough skin 1
a: no special abilities


You were on level 6 of the Dungeon.
You visited 1 branch of the dungeon, and saw 4 of its levels.

You collected 150 gold pieces.

Inventory:

Missiles
 c - 7 boomerangs of dispersal (quivered)
 m - 4 javelins
Armour
 a - a +0 robe (worn)
 k - a +0 cloak of willpower (worn)
   (You took it off Crazy Yiuf on level 2 of the Dungeon)
Jewellery
 f - a ring of magical power
   (You found it on level 1 of the Dungeon)
 l - a ring of positive energy (left claw)
   (You found it on level 2 of the Dungeon)
Scrolls
 i - a scroll of butterflies
 z - a scroll of blinking
Potions
 d - a potion of lignification
 g - a potion of brilliance
 h - 2 potions of flight
 j - 2 potions of heal wounds {unknown}
 o - a potion of mutation {unknown}
 p - a potion of attraction {unknown}


   Skills:
 + Level 3.7 Fighting
 - Level 0.8 Throwing
 - Level 1.9 Dodging
 + Level 4.5 Unarmed Combat
 - Level 1.2 Spellcasting
 - Level 2.1 Translocations


You had 6 spell levels left.
You didn't know any spells.
Your spell library contained the following spells:

 Spells                   Type           Power      Damage    Failure   Level
 Blink                    Tloc           12%        N/A       22%         2
 Summon Small Mammal      Summ           0%         N/A       36%         1
 Gell's Gravitas          Tloc           6%         N/A       41%         3
 Lesser Beckoning         Tloc           6%         N/A       41%         3
 Teleport Other           Tloc           6%         N/A       41%         3
 Kindle Blastsparks       Fire/Tloc/Air  4%         2d10      63%         3
 Call Canine Familiar     Summ           0%         N/A       73%         3
 Summon Guardian Golem    Hex/Summ       0%         N/A       73%         3
 Manifold Assault         Tloc           6%         N/A       82%         4
 Iskenderun's Mystic Bla  Conj/Tloc      3%         2d3       93%         4
 Fulminant Prism          Conj/Hex       0%         3d6       98%         4
 Lee's Rapid Deconstruct  Erth           0%         3d5*      100%        5


Dungeon Overview and Level Annotations

Branches:
Dungeon (3/15) Zot: 22406  Temple (0/1) D:6

Altars:


Innate Abilities, Weirdness & Mutations

You are too large for most types of armour.
You have claws for hands.
Your natural rate of healing is unusually fast.
You are covered in fur. (AC +1)
You have tough skin. (AC +1)


Message History

You feel sick.
You smack Menkaure!
Menkaure is almost destroyed.
You feel sick.
You pummel Menkaure!!
You destroy Menkaure!
You feel sick.
Your Unarmed Combat skill increases to level 4!
You have reached level 5!
You start resting.
You feel sick.
You are no longer poisoned.
You start resting.
Your transformation is almost over.
You feel less wooden.
Your +0 cloak of willpower unmelds from your body.
Your +0 robe unmelds from your body.
You feel strong-willed.
q - a scroll labelled AXORHANKYODY
As you read the scroll labelled RERGHUA EGOALUI, it crumbles to dust.
You assume a fearsome visage.
Nothing appears to happen.
It was a scroll of fear.
Unknown command.
As you read the scroll labelled DOXTAU PIEQO, it crumbles to dust.
You hear a loud clanging noise!
It was a scroll of noise.
You hear a shout! x6; You hear an angry hiss.
You hear a shout!
As you read the scroll labelled NOGHIE ANUOLAU, it crumbles to dust.
It is a scroll of identify.
i - a scroll of butterflies;
r - a scroll of identify
As you read the scroll of identify, it crumbles to dust.
q - a scroll of amnesia Autopickup disabled for scrolls of amnesia.
You drop a scroll of noise.
HP restored.
You drop a scroll of amnesia.
Found a scroll of noise.
An adder comes into view.
You see here 19 gold pieces.
An adder is nearby!
You now have 150 gold pieces (gained 19).
The adder hisses angrily.
An ogre comes into view. It is wielding a +0 giant club.
You barely miss the adder. The adder barely misses you.
A kobold demonologist comes into view. It is wielding a +0 dagger.
You closely miss the adder. The adder bites you.
You are poisoned.
The adder poisons you!
The kobold demonologist casts a spell.
You feel sick. The adder bites you.
You feel sick. The adder bites you.
You are more poisoned.
The adder poisons you!
You feel sick.
As you read the scroll of fear, it crumbles to dust.
You assume a fearsome visage.
The sun demon looks frightened!
The ogre looks frightened!
The kobold demonologist looks frightened!
The adder looks frightened!
You feel sick.
A kobold brigand comes into view.
It is wielding a +0 club and quivering poisoned darts.
Unknown command.
A kobold comes into view.
It is wielding a +0 dagger and quivering poisoned darts.
You feel sick.
The kobold brigand shouts!
The kobold shouts!
A kobold comes into view. It is wielding a +0 dagger.
You feel sick.
The kobold shouts!
You hear a shout!
A kobold comes into view.
It is wielding a +0 dagger and quivering poisoned darts.
The kobold throws a poisoned dart.
The poisoned dart hits you!
You are more poisoned.
A kobold comes into view. It is wielding a +0 club.
You feel very sick.
The kobold shouts!
The kobold throws a poisoned dart.
The poisoned dart hits you!
You are more poisoned.
Found a staircase to the Ecumenical Temple.
You feel very sick.
The kobold throws a poisoned dart.
The poisoned dart hits you.
You are more poisoned.
You feel very sick.
You feel very sick.
A centaur comes into view.
The centaur wields a +0 shortbow.
The centaur shoots an arrow.
The arrow hits you!
The kobold brigand throws a poisoned dart.
The poisoned dart hits you!
You are more poisoned.
You feel very sick.
The centaur shoots an arrow.
The arrow hits you.
* * * LOW HITPOINT WARNING * * *
* * * LOW HITPOINT WARNING * * *
You feel very sick.
The centaur shoots an arrow.
The arrow hits you but does no damage.
The kobold throws a poisoned dart.
The poisoned dart barely misses you.
The kobold throws a poisoned dart.
The poisoned dart barely misses you.
Unknown command.
Unknown command.
It was a potion of brilliance.
You feel clever all of a sudden.
* * * LOW HITPOINT WARNING * * *
You feel very sick.
The centaur shoots an arrow.
The arrow hits you!
You die...

......................#
......................#
.?...!..........K......+
...............K.......#
..............K......#.#
..?...........K.K..#...#
...................#...
.............$...#.#
................@.##
............#...#
............#.....
........#####.>.##
....... ....# ..c...
.#...# .... ##... #..


You could see a kobold brigand, a centaur and 4 kobolds.

Vanquished Creatures
  Menkaure (D:6)
  A hound (D:6)
  Crazy Yiuf (D:2)
  An adder (D:6)
  3 dart slugs
  6 bats
  4 endoplasms
  2 giant cockroaches
  7 goblins
  4 hobgoblins
  4 jackals (D:1)
  3 kobolds (D:1)
  A quokka (D:1)
  2 ball pythons
  3 frilled lizards
  4 rats
47 creatures vanquished.

Vanquished Creatures (others)
  A bat (D:2)
1 creature vanquished.

Grand Total: 48 creatures vanquished

Notes
Turn   | Place    | Note
-------+----------+-------------------------------------------
     0 | D:1      | Flugkiller the Troll Warper began the quest for the Orb.
     0 | D:1      | Reached XP level 1. HP: 19/19 MP: 1/1
    94 | D:1      | Reached XP level 2. HP: 28/28 MP: 2/2
   357 | D:1      | Reached XP level 3. HP: 35/35 MP: 3/3
   477 | D:1      | Found a faded altar of an unknown god.
   637 | D:2      | Reached skill level 3 in Unarmed Combat
   787 | D:2      | Found a runed translucent door.
   788 | D:2      | Noticed Crazy Yiuf
   835 | D:2      | Killed Crazy Yiuf
   836 | D:2      | Reached XP level 4. HP: 27/44 MP: 4/4
  1496 | D:3      | You fall into a shaft and drop 3 floors!
  1513 | D:6      | Noticed Menkaure
  1529 | D:6      | Killed Menkaure
  1530 | D:6      | Reached skill level 4 in Unarmed Combat
  1530 | D:6      | Reached XP level 5. HP: 33/54 MP: 5/5
  1583 | D:6      | Noticed an ogre
  1586 | D:6      | Noticed a kobold demonologist
  1588 | D:6      | Noticed a sun demon
  1595 | D:6      | Found a staircase to the Ecumenical Temple.
  1597 | D:6      | Noticed a centaur
  1600 | D:6      | Shot with an arrow by a centaur

Illustrated notes

Levels and vault maps discovered:
D:1:      amcnicky_arrival_single_pillar, layout_basic,
          chequers_ecumenical_altar_lobes
D:2:      layout_loops_ring, uniq_crazy_yiuf_cottage
D:3:      layout_basic, minmay_misc_feat_x
D:6:      layout_basic, minmay_temple_entry_arrows, serial_co_window_serial,
          co_window_corner_a, co_window_paths_a, co_window_paths_a,
          co_window_paths_a, co_window_paths_b, co_window_corner_a,
          co_window_corner_a, co_window_2corner, co_window_broadway_a,
          co_window_of_opportunity_c, co_window_paths_c, glass_columns_b,
          glass_columns_a, glass_columns_a, guppyfry_early_elven_hall,
          uniq_menkaure

Skill      XL: |  1  2  3  4 |
---------------+-------------+-----
Fighting       | 2 3 |  3.7
Unarmed Combat | 3 4 |  4.5
Throwing       | |  0.8
Dodging        | |  1.9
Spellcasting   | |  1.2
Translocations | |  2.1

Action                   |  1- 3 |  4- 6 || total
-------------------------+-------+-------++-------
Melee: Unarmed           |    89 |    32 ||   121
       Punch             |       |     1 ||     1
  Use: Potion            |       |     3 ||     3
       Scroll            |       |     5 ||     5
Armor: Robe              |    29 |     9 ||    38
       Skin              |       |     1 ||     1
Dodge: Dodged            |    34 |    19 ||    53

Table legend: (Time is in decaauts)
 A = Elapsed time spent in this place.
 B = Non-inter-level travel time spent in this place.
 C = Inter-level travel time spent in this place.
 D = Time resting spent in this place.
 E = Time spent auto-exploring this place.
 F = Levels seen in this place.
 G = Mean time per level.
                   A        B        C        D        E       F      G
               +--------+--------+--------+--------+--------+-----+--------+
         Total |   1592 |   1474 |    118 |     47 |   1121 |   4 |  398.0 |
       Dungeon |   1592 |   1474 |    118 |     47 |   1121 |   4 |  398.0 |
               +--------+--------+--------+--------+--------+-----+--------+

Top non-repeatable levels by time:
     D:2: 700 daAuts
     D:1: 629 daAuts
     D:3: 160 daAuts
     D:6: 102 daAuts
